Map: Prion Terraces

Players

MorN

  • Race: Terran Terran
  • League: Master

Mariuslol - Winner!

  • Race: Zerg Zerg
  • League: Master

VOD

Have the link to the VOD?

Description

Time

  • Played on: Nov. 23, 2015, 10:28 p.m.
  • Length: 12:58
Show
View Real Time Build Order
Export as new Build Order

MorN Terran 

Build Orders: Reaper Expand, MMM Bio 

Get SALT Encoding   

  12  0:00  SCV  
  13  0:13  SCV  
  14  0:17  Supply Depot  
  14  0:25  SCV  
  15  0:39  SCV  
  15  0:40  Barracks  
  16  0:44  Refinery  
  16  0:51  SCV  
  17  1:03  SCV  
  18  1:16  SCV  
  19  1:29  Orbital Command  
  19  1:30  Reaper  
  20  1:39  Command Center  
  20  1:55  SCV  
  21  2:05  Barracks Reactor  
  21  2:11  Command Center  
  21  2:14  SCV  
  22  2:20  Supply Depot  
  22  2:28  Factory  
  22  2:31  SCV  
  23  2:42  Marine x2  
  23  2:43  SCV  
  26  2:50  Refinery  
  26  2:52  Orbital Command  
  26  3:07  Marine x2  
  26  3:08  SCV  
  29  3:14  Starport  
  29  3:15  Factory Tech Lab  
  29  3:18  SCV  
  30  3:25  Marine x2  
  32  3:29  Orbital Command  
  32  3:36  SCV x2  
  32  3:39  Siege Tank  
  37  3:46  Marine x2  
  39  3:48  SCV  
  39  3:49  SCV  
  39  3:53  Viking  
  43  3:57  SCV  
  43  4:00  SCV  
  45  4:05  Supply Depot  
  45  4:08  Marine x2  
  47  4:24  Orbital Command  
  46  4:25  Factory Tech Lab  
  46  4:30  Marine x2  
  46  4:31  SCV  
  49  4:35  Supply Depot, Engineering Bay  
  49  4:36  SCV, Engineering Bay  
  49  4:37  SCV, Refinery  
  49  4:38  Refinery  
  51  4:39  Banshee  
  54  4:59  Factory Reactor, Barracks  
  54  5:02  Barracks  
  54  5:05  Marine  
  54  5:06  Stimpack  
  54  5:07  SCV  
  56  5:11  SCV, Bunker  
  57  5:18  SCV  
  57  5:19  SCV  
  59  5:23  SCV  
  59  5:24  Marauder  
  62  5:29  Banshee  
  62  5:32  SCV  
  66  5:35  SCV  
  66  5:36  SCV  
  66  5:37  Terran Infantry Weapons Level 1, Supply Depot  
  66  5:39  Terran Infantry Armor Level 1  
  68  5:44  SCV  
  68  5:45  Marine  
  70  5:50  Factory Reactor  
  70  5:56  SCV  
  71  5:58  Orbital Command  
  71  6:00  Marine x2  
  71  6:03  SCV  
  76  6:05  Barracks x2  
  76  6:06  Supply Depot  
  76  6:08  Marine x2  
  76  6:11  Marauder  
  78  6:17  Marine  
  79  6:24  SCV  
  80  6:28  SCV  
  80  6:29  SCV  
  80  6:32  Marauder  
  84  6:38  SCV  
  85  6:41  SCV  
  85  6:44  Starport Reactor  
  86  6:48  SCV  
  86  6:50  Supply Depot, SCV  
  86  6:52  Armory  
  86  6:53  SCV  
  89  6:55  Barracks Reactor  
  89  6:57  Widow Mine x2  
  93  7:04  SCV x2  
  93  7:05  SCV  
  93  7:11  Marine x3  
  93  7:12  Marauder x2  
  93  7:15  Supply Depot  
  100  7:16  SCV  
  100  7:18  SCV x2  
  103  7:26  Supply Depot  
  103  7:28  SCV, Supply Depot  
  103  7:29  Supply Depot, Refinery, Marine x2  
  105  7:30  SCV x2  
  105  7:37  Marauder x2, Medivac x2  
  116  7:40  SCV  
  117  7:47  Supply Depot, Marine x2, Widow Mine x2  
  117  7:48  SCV x2, Supply Depot  
  125  7:52  SCV  
  125  7:53  Command Center  
  125  7:54  Marine x3  
  131  7:58  Marauder  
  131  8:00  SCV x2  
  134  8:06  Medivac x2  
  134  8:07  Marine x2  
  134  8:10  Combat Shields  
  134  8:11  Concussive Shells  
  134  8:12  Marauder  
  142  8:17  Supply Depot  
  141  8:21  Supply Depot, Terran Infantry Weapons Level 2, Terran Infantry Armor Level 2  
  141  8:25  Marine x2  
  141  8:26  Marauder, Widow Mine x2  
  147  8:34  Marauder  
  149  8:36  Medivac x2, Marine x2  
  149  8:38  Terran Vehicle Weapons Level 1  
  155  8:47  Marauder  
  155  8:48  Barracks  
  154  8:49  Barracks  
  154  8:51  Barracks  
  154  9:02  Widow Mine  
  154  9:03  Widow Mine  
  154  9:04  Marine x2  
  154  9:05  Marauder  
  154  9:06  Medivac x2  
  154  9:08  Marauder  
  168  9:10  Marine x2  
  168  9:13  Marine  
  168  9:14  Marine  
  172  9:26  Marauder  
  172  9:30  Marauder  
  172  9:31  Widow Mine  
  176  9:34  Marine x3  
  176  9:36  Medivac x2  
  156  9:48  Marauder  
  156  9:49  Marine  
  156  9:51  Marauder  
  108  10:09  Marauder  
  104  10:23  Planetary Fortress  
  104  10:29  Missile Turret  
  104  10:34  Marine x3  
  104  10:35  Barracks Reactor, Barracks Tech Lab x2, Marine x2, Marauder  
  109  10:36  Marauder  
  113  10:45  Marine  
  113  10:46  Widow Mine x2  
  113  10:47  Medivac  
  120  10:51  Refinery x2  
  120  10:52  Marine x2  
  120  10:53  Orbital Command  
  120  10:56  Marauder  
  124  10:57  Marauder  
  124  10:58  Marine  
  124  10:59  Marauder, Marine x2  
  124  11:00  Marauder  
  133  11:09  Starport, Marine x3  
  136  11:11  Marine  
  136  11:12  Marine  
  136  11:16  Marine  
  136  11:17  Marauder  
  136  11:18  Widow Mine x2, Marine x2  
  141  11:19  Marauder  
  141  11:21  Marauder x2  
  147  11:34  Marine x2  
  147  11:38  Marine  
  147  11:39  Marauder  
  143  11:40  Marauder  
  143  11:42  Marauder  
  143  11:43  Marine x3  
  143  11:44  Marauder  
  136  11:53  Marine x2  
  136  11:54  Marine  
  124  11:55  Marine x2  
  124  12:00  Marauder  
  124  12:01  Marine x3  
  111  12:02  Marine  
  111  12:03  Marauder  
  111  12:05  Marauder  
  119  12:11  Marine  
  96  12:19  Marauder  
  75  12:28  Marauder x2, Marine x5  
  75  12:29  Marauder, Marine x2  
  83  12:30  Marine  
Show
View Real Time Build Order
Export as new Build Order

Mariuslol Zerg - Winner!

Build Orders: Hatch First 

Get SALT Encoding   

  12  0:01  Drone  
  13  0:14  Overlord  
  13  0:18  Drone  
  14  0:33  Drone x2  
  16  0:36  Drone  
  17  0:53  Hatchery  
  16  1:06  Spawning Pool  
  16  1:10  Drone  
  16  1:14  Drone  
  16  1:18  Drone  
  18  1:21  Extractor  
  18  1:25  Drone  
  18  1:36  Drone  
  19  1:45  Overlord  
  19  1:55  Zergling x2  
  19  1:56  Queen  
  22  2:05  Queen, Zergling x4  
  26  2:20  Drone  
  27  2:25  Metabolic Boost  
  26  2:39  Drone  
  26  2:40  Drone x4  
  26  2:41  Queen  
  33  2:52  Overlord, Drone  
  33  2:57  Spore Crawler  
  33  3:07  Drone x2  
  35  3:17  Hatchery, Drone x3  
  37  3:26  Drone x4  
  37  3:27  Drone  
  42  3:35  Overlord  
  42  3:51  Overlord  
  42  3:53  Queen  
  44  4:04  Hatchery, Overlord  
  44  4:06  Lair  
  44  4:09  Drone x5  
  47  4:14  Drone  
  46  4:21  Drone  
  47  4:28  Drone  
  47  4:29  Drone x6  
  47  4:30  Drone  
  55  4:34  Evolution Chamber  
  55  4:35  Extractor  
  55  4:37  Evolution Chamber  
  52  4:40  Drone  
  52  4:44  Spore Crawler  
  52  4:47  Spore Crawler  
  52  4:48  Spore Crawler  
  50  4:54  Drone  
  50  4:55  Drone x2  
  50  4:57  Drone x2  
  55  5:02  Overlord  
  55  5:03  Drone x5  
  60  5:08  Zerg Missile Weapons Level 1  
  60  5:11  Roach Warren  
  60  5:12  Drone x3  
  60  5:13  Drone, Extractor x2  
  61  5:16  Queen  
  61  5:17  Drone  
  64  5:24  Zerg Ground Armor Level 1  
  64  5:27  Spine Crawler  
  62  5:36  Hydralisk Den  
  62  5:38  Spore Crawler, Drone  
  62  5:39  Drone x8  
  62  5:42  Drone x3  
  72  5:43  Drone  
  73  5:53  Extractor  
  73  5:54  Overlord x4  
  73  5:55  Extractor  
  69  5:59  Queen  
  71  6:10  Muscular Augments  
  71  6:16  Drone  
  71  6:17  Drone x5, Hydralisk  
  71  6:18  Hydralisk x3  
  79  6:22  Extractor  
  79  6:24  Extractor  
  83  6:26  Glial Reconstitution  
  83  6:40  Hydralisk x3  
  83  6:41  Hydralisk  
  89  6:48  Drone x2  
  89  6:49  Roach x5  
  89  6:51  Roach  
  103  6:56  Overlord x5, Overseer  
  101  7:12  Overlord x2  
  101  7:16  Roach x8  
  101  7:17  Hatchery  
  101  7:19  Roach x2  
  120  7:26  Roach x2  
  120  7:27  Overlord, Hydralisk  
  126  7:39  Zerg Ground Armor Level 2, Zerg Missile Weapons Level 2  
  126  7:42  Roach x2  
  126  7:43  Roach  
  132  7:47  Roach x3  
  138  7:52  Roach x5  
  138  7:54  Pneumatized Carapace  
  148  8:01  Spine Crawler  
  148  8:02  Drone x3, Spine Crawler  
  149  8:09  Overlord x2  
  149  8:10  Roach x2  
  153  8:18  Overseer  
  153  8:24  Overlord x4  
  153  8:25  Roach x3  
  159  8:33  Infestation Pit  
  158  8:35  Roach x2  
  158  8:36  Roach  
  158  8:39  Roach x4  
  172  8:43  Spine Crawler  
  171  8:57  Ravager x3  
  171  8:58  Ravager x7  
  171  8:59  Ravager x2  
  171  9:00  Ravager  
  184  9:12  Hive  
  184  9:15  Spine Crawler  
  183  9:26  Hatchery  
  183  9:27  Overseer  
  182  9:35  Roach x9  
  190  9:47  Hydralisk  
  190  9:48  Hydralisk x4  
  190  9:49  Overlord x2  
  190  9:55  Roach, Zerg Melee Weapons Level 1  
  176  10:00  Roach  
  176  10:01  Roach x11  
  192  10:12  Overseer  
  179  10:26  Ultralisk Cavern  
  179  10:27  Hatchery  
  177  10:28  Hatchery  
  177  10:31  Roach x4  
  177  10:32  Roach  
  177  10:33  Roach  
  188  10:44  Roach x2  
  188  10:45  Roach x4  
  200  11:17  Chitinous Plating  
  198  11:38  Ultralisk  
  198  11:44  Ultralisk x2  
  198  11:53  Ultralisk x2  
  196  11:59  Ultralisk  
  180  12:19  Ultralisk x2  
  180  12:20  Drone  
  180  12:21  Drone x14  
  197  12:29  Spore Crawler  
  190  12:30  Spine Crawler  
  190  12:32  Spine Crawler  
  178  12:37  Spore Crawler  
Tags
 
Add a new tag
Caveats
  • Supply blocks, unpowered buildings, or Contaminate may cause inaccurate times.
  • Supply counts are checked every 10 seconds.